 Dungeon Crawl Stone Soup version 0.30-a0-737-gf23d94013f (webtiles) character file.

Game seed: 4480875190503381298

55 DeathSun the Ruffian (level 3, 0/28 HPs)
             Began as a Draconian Transmuter on Feb 1, 2023.
             Slain by a kobold brigand
             ... wielding a +0 dagger
              (3 damage)
             ... in a sewer.
             The game lasted 00:03:42 (1266 turns).

DeathSun the Ruffian (Draconian Transmuter)         Turns: 1266, Time: 00:03:43

Health: 0/28       AC:  5    Str: 14    XL:     3   Next: 67%
Magic:  6/6        EV: 12    Int: 13    God:
Gold:   80         SH:  0    Dex: 11    Spells: 5/6 levels left

rFire   . . .      SeeInvis .      - Unarmed
rCold   . . .      Faith    .    (no shield)
rNeg    . . .      Spirit   .    (body armour unavailable)
rPois   .          Reflect  .    (helmet currently unavailable)
rElec   .          Harm     .    (no cloak)
rCorr   .          Rampage  .    (no gloves)
Will    .....                    (boots currently unavailable)
Stlth   +                        e - amulet of magic regeneration
HPRegen 0.24/turn                (no ring)
MPRegen 0.50/turn                (no ring)

@: appendages (expiring)
A: horns 2, talons 2, AC +5, unfitting armour, cold-blooded
a: End Transformation


You were in a sewer.
You had temporarily grown beastly horns and talons.
You visited 1 branch of the dungeon, and saw 3 of its levels.
You also visited: Sewer.

You collected 80 gold pieces.

Inventory:

Jewellery
 e - an amulet of magic regeneration (around neck)
Wands
 k - a wand of charming (15)
Scrolls
 b - a scroll of fear {unknown}
 d - 3 scrolls of identify {unknown}
 g - a scroll of summoning {unknown}
 i - a scroll of teleportation {unknown}
 j - a scroll of acquirement {unknown}
Potions
 a - a potion of lignification
 c - a potion of flight {unknown}
 f - 5 potions of curing {unknown}
 h - a potion of ambrosia {unknown}


   Skills:
 - Level 1.1 Fighting
 - Level 1.7 Dodging
 * Level 3.9 Unarmed Combat
 - Level 2.0 Spellcasting
 * Level 3.2 Transmutations


You had 5 spell levels left.
You knew the following spells:

 Your Spells              Type           Power      Damage    Failure   Level
a - Beastly Appendage     Tmut           18%        N/A       7%          1

Your spell library contained the following spells:

 Spells                   Type           Power      Damage    Failure   Level
 Wereblood                Tmut           9%         N/A       11%         2
 Spider Form              Tmut/Pois      5%         N/A       36%         3
 Ice Form                 Ice/Tmut       5%         N/A       78%         4


Dungeon Overview and Level Annotations

Branches:
Dungeon (3/15)              Sewer (1/1)

Altars:


Innate Abilities, Weirdness & Mutations

You have temporarily grown beastly horns and talons.
Your plain brown scales are hard. (AC +5)
You cannot fit into any form of body armour.
You are cold-blooded and may be slowed by cold attacks.


Message History

The kobold hits you with a +0 club. The kobold hits you but does no damage.
The kobold hits you with a +0 short sword.
The kobold brigand hits you with a +0 dagger.
You hit the kobold brigand.
Your headbutt misses the kobold brigand.
The kobold brigand is moderately wounded.
The kobold hits you but does no damage. The kobold misses you.
The kobold hits you but does no damage.
The kobold brigand hits you with a +0 dagger.
You hit the kobold brigand.
The kobold brigand is moderately wounded.
The kobold closely misses you. x2; The kobold barely misses you.
The kobold brigand hits you with a +0 dagger.
You hit the kobold brigand but do no damage.
The kobold brigand is moderately wounded.
The kobold misses you. The kobold hits you but does no damage.
The kobold barely misses you. The kobold brigand misses you.
You closely miss the kobold. You claw the kobold.
You kill the kobold!
The kobold brigand hits you but does no damage.
The kobold hits you but does no damage. The kobold barely misses you.
You closely miss the kobold. You headbutt the kobold.
You kill the kobold!
The kobold brigand hits you with a +0 dagger!
* * * LOW HITPOINT WARNING * * *
The kobold misses you.
You closely miss the kobold. You tail-slap the kobold.
The kobold is moderately wounded.
The kobold brigand barely misses you. The kobold closely misses you.
You hit the kobold. Your headbutt misses the kobold. You tail-slap the kobold.
You kill the kobold!
The kobold brigand hits you with a +0 dagger.
* * * LOW HITPOINT WARNING * * *
You closely miss the kobold brigand.
You claw the kobold brigand, but do no damage.
Your headbutt misses the kobold brigand.
You tail-slap the kobold brigand, but do no damage.
The kobold brigand is moderately wounded.
The kobold brigand hits you with a +0 dagger.
You die...

~. ~~P
#################~~~
#≈~~~~~~~~~~~~~~~~~~
#≈≈~≈≈≈≈≈~≈≈≈≈≈~≈≈≈≈
#≈~~~~~~~~~~~~~~~~~~
###'########~~######
#...#.?..#KP~~P~....
#.∩.#.∩?.)@.~P~~....
#.∩.#.?..)).........
#####.!..#........P.
########........
#.##..... ### #####


You could see a kobold brigand.

Vanquished Creatures
  A dart slug (D:1)
  An orc (D:3)
  9 bats
  4 endoplasms (D:1)
  3 giant cockroaches
  7 goblins
  A hobgoblin (D:2)
  10 kobolds
  A quokka (D:2)
  7 ball pythons
  5 frilled lizards
49 creatures vanquished.

Notes
Turn   | Place    | Note
-------+----------+-------------------------------------------
     0 | D:1      | DeathSun the Draconian Transmuter began the quest for the
                  | Orb.
     0 | D:1      | Reached XP level 1. HP: 16/16 MP: 3/3
   228 | D:1      | Reached XP level 2. HP: 23/23 MP: 3/5
   535 | D:1      | Found a faded altar of an unknown god.
   618 | D:2      | Reached XP level 3. HP: 26/28 MP: 6/6
  1193 | D:3      | Found a glowing drain.
  1202 | Sewer    | Entered a sewer
  1249 | Sewer    | Noticed a kobold brigand
  1266 | Sewer    | Slain by a kobold brigand

Illustrated notes

Levels and vault maps discovered:
D:1:      dpeg_arrival_arbitrary_c, layout_rooms,
          chequers_ecumenical_altar_grove
D:2:      layout_rooms, kennysheep_generic_room_4
D:3:      layout_basic, minitemple, serial_shops, shop_statue,
          portal_sewer_entry_a, dreamdust_mushroom_princess, minmay_unequal,
          uniq_robin, uniq_ijyb
Sewer:    kennysheep_pipe_town

Skill      XL: |  1  2  3 |
---------------+----------+-----
Transmutations | 3 |  3.2
Fighting       | |  1.1
Dodging        | |  1.7
Unarmed Combat | |  3.9
Spellcasting   | |  2.0

Action                     || total
---------------------------++-------
  Melee: Unarmed           ||   142
         Kick              ||    19
         Punch             ||     1
         Tailslap          ||    11
         Headbutt          ||     7
   Cast: Beastly Appendage ||    26
 Armour: Skin              ||    69
  Dodge: Dodged            ||   127

Table legend: (Time is in decaauts)
 A = Elapsed time spent in this place.
 B = Non-inter-level travel time spent in this place.
 C = Inter-level travel time spent in this place.
 D = Time resting spent in this place.
 E = Time spent auto-exploring this place.
 F = Levels seen in this place.
 G = Mean time per level.
                   A        B        C        D        E       F      G
               +--------+--------+--------+--------+--------+-----+--------+
         Total |   1265 |   1191 |     74 |      0 |    812 |   4 |  316.2 |
       Dungeon |   1196 |   1122 |     74 |      0 |    764 |   3 |  398.7 |
         Sewer |     69 |     69 |      0 |      0 |     48 |   1 |   69.0 |
               +--------+--------+--------+--------+--------+-----+--------+

Top non-repeatable levels by time:
     D:1: 581 daAuts
     D:2: 525 daAuts
     D:3: 89 daAuts
   Sewer: 69 daAuts
